 Dungeon Crawl Stone Soup version 0.30.1 (webtiles) character file.

Game seed: 9036440441854576768

5371 DwarfAlpaca the Thaumaturge (level 10, -4/60 HPs)
             Began as a Djinni Conjurer on July 12, 2023.
             Was a Follower of Makhleb.
             Shot with a sling bullet by Joseph (18 damage)
             ... on level 9 of the Dungeon.
             The game lasted 00:35:15 (7607 turns).

DwarfAlpaca the Thaumaturge (Djinni Conjurer)       Turns: 7607, Time: 00:35:16

Health: -4/60      AC:  6    Str: 15    XL:     10   Next: 97%
Gold:   423        EV: 12    Int: 25    God:    Makhleb [*.....] SH:  5 Dex: 17

rFire   + + .        t - +4 dagger (venom)
rCold   x . .        (no shield)
rNeg    . . .        y - +0 steam dragon scales
rPois   ∞            (no helmet)
rElec   .            (no cloak)
rCorr   .            w - +0 pair of gloves
SInv    .            (boots unavailable)
Will    +....        k - amulet of reflection
Stlth   ++           x - +6 ring of strength
HPRegen 0.30/turn    c - ring of Youthful Indiscretion {rPois Str+3 Dex+6}
MPRegen 0.00/turn

%: reflection, infuse magic (-5 HP)
@: flying
A: sickness immunity, fire resistance 2, cold vulnerability 1, float, innate
caster, HP casting, extra vitality 1
a: Renounce Religion


You were on level 9 of the Dungeon.
You worshipped Makhleb.
Makhleb was aware of your devotion.
You visited 2 branches of the dungeon, and saw 10 of its levels.

You collected 423 gold pieces.

Inventory:

Hand Weapons
 t - a +4 dagger of venom (weapon)
Armour
 w - a +0 pair of gloves (worn)
 y - +0 steam dragon scales (worn)
Jewellery
 c - the ring of Youthful Indiscretion (right hand) {rPois Str+3 Dex+6}
   (You found it on level 8 of the Dungeon)

   [ring of dexterity]

   Str:       It affects your strength (+3).
   Dex:       It affects your dexterity (+6).
   rPois:     It protects you from poison.
 k - an amulet of reflection (around neck)
 x - a +6 ring of strength (left hand)
Wands
 j - a wand of mindburst (7)
 v - a wand of flame (27)
Scrolls
 a - a scroll of fear {unknown}
 d - a scroll of vulnerability {unknown}
 f - a scroll of torment {unknown}
 n - 3 scrolls of enchant armour
 o - 2 scrolls of magic mapping
 r - a scroll of silence
 s - a scroll of blinking {unknown}
 u - 4 scrolls of poison
 z - 3 scrolls of fog
 A - a scroll of noise {unknown}
 B - a scroll of teleportation {unknown}
 D - a scroll of identify
 E - a scroll of immolation {unknown}
Potions
 b - 6 potions of curing
 e - a potion of degeneration {unknown}
 g - a potion of mutation {unknown}
 h - 2 potions of berserk rage
 i - 2 potions of resistance
 l - 3 potions of attraction {unknown}
 m - 4 potions of brilliance {unknown}
 p - 3 potions of heal wounds {unknown}
 q - a potion of lignification
 C - 2 potions of ambrosia {unknown}


   Skills:
 - Level 2.1 Dodging
 - Level 1.5 Stealth
 + Level 12.4 Spellcasting


You knew the following spells:

 Your Spells              Type           Power      Damage    Failure   Level
a - Magic Dart            Conj           100%       1d8       1%          1
b - Searing Ray           Conj           100%       2d8       1%          2
c - Dazzling Flash        Conj/Hex       100%       N/A       1%          3
d - Fulminant Prism       Conj/Hex       33%        3d16      1%          4
e - Iskenderun's Mystic   Conj/Tloc      67%        2d14      1%          4
f - Necrotise             Necr           100%       1d9       1%          1
g - Wereblood             Tmut           67%        N/A       1%          2
h - Scorch                Fire           100%       2d9       1%          2
i - Sticky Flame          Conj/Fire      67%        2d8       1%          4
Your spell library was empty.

Dungeon Overview and Level Annotations

Branches:
Dungeon (9/15)             Temple (1/1) D:6
   Lair: D:8-11         Orc: D:9-12

Altars:
Ashenzari
Cheibriados
Dithmenos
Elyvilon
Fedhas
Hepliaklqana
Makhleb
Nemelex Xobeh
Okawaru
Qazlal
Ru
Trog
Uskayaw
Wu Jian
Xom
The Shining One

Shops:
D:4 *   D:5 *   D:9 [

Annotations:
D:9 Joseph


Innate Abilities, Weirdness & Mutations

You are immune to sickness and miasma.
You are immune to poison.
Your flesh is very heat resistant. (rF++)
You are vulnerable to cold. (rC-)
You float through the air rather than walking.
You learn spells naturally, not from books.
Your magical power is your life essence.
You have superior vitality. (+4 MHP)


Message History

The orc is heavily wounded.
You are engulfed in a cloud of scalding steam.
The orc hits you but does no damage.
Casting: Iskenderun's Mystic Blast (safe; 1% risk of failure)
Confirm with . or Enter, or press ? or * to list all spells.
You erupt in a blast of force!
The mystic blast hits the orc.
The orc is severely wounded.
The orc is knocked back by the mystic blast.
The mystic blast hits the steam dragon.
The steam dragon is lightly wounded.
The steam dragon is knocked back by the mystic blast.
The mystic blast hits the orc!
You kill the orc!
Makhleb accepts your kill.
You are engulfed in a cloud of scalding steam.
The steam dragon breathes steam at you. The ball of steam hits you!
Unknown command.
Unknown command.
As you read the scroll labelled TUSITZEOPI, it crumbles to dust.
The scroll dissolves into smoke.
It was a scroll of fog.
You feel better.
You feel less wooden.
Your +0 pair of gloves unmelds from your body.
Your +0 steam dragon scales unmelds from your body.
An orc comes into view. It is wielding a +0 dagger.
The steam dragon breathes steam at you. The ball of steam hits you! You resist.
You feel a bit more experienced.
The steam dragon attacks as you move away!
The steam dragon bites you.
* * * LOW HITPOINT WARNING * * *
The steam dragon claws you.
* * * LOW HITPOINT WARNING * * *
The steam dragon breathes steam at you. The ball of steam misses you.
Things that are here:
a +0 dagger; 6 poisoned darts; a kobold corpse Joseph shoots a sling bullet.
The sling bullet hits you!!
You die...

########## .........########## ..
.........##..§§...####### ###.#
#........##....§§.§.....# #....#
♣........##...<)@§§.§§..# #.....#
.....>...##....)...D..§§# .......
..###.#..##..)))...§§§§§##..)...#
#.# #>##.##.....)§..§§§§§§......#
#.# #.##.##........§.@§§#.......#
#.# #.##...######..§§§§§.#.....!.
..# #...##......#...§§§§o##......
.## ###. ######.######§§.o)......
..## #. ##............


You could see Joseph and a steam dragon (catching breath).

Vanquished Creatures
  Erica (D:9)
  Pikel (D:5)
  Maggie (D:9)
  Psyche (D:9)
  A wraith (D:9)
  5 yaks (D:8)
  2 steam dragons
  A water moccasin (D:8)
  An orc warrior (D:7)
  4 ice beasts
  A sky beast (D:6)
  A phantom (D:6)
  3 centaurs
  3 lemures (D:5)
  A kobold brigand (D:9)
  A bullfrog (D:6)
  3 gnoll sergeants
  2 scorpions
  3 wights (D:8)
  6 killer bees (D:9)
  4 howler monkeys
  2 hounds
  3 jellies
  7 orc priests
  3 iguanas
  Ijyb (D:5)
  5 orc wizards
  12 gnolls
  6 adders
  A white imp (D:4)
  An ufetubus (D:6)
  A worm (D:4)
  2 dart slugs
  27 orcs
  A bat zombie (D:7)
  A giant cockroach (D:1)
  5 goblins
  6 hobgoblins
  8 jackals
  11 kobolds
  2 quokkas
  8 ball pythons
  3 bats
  2 frilled lizards
  4 rats
  2 rat zombies (D:7)
170 creatures vanquished.

Vanquished Creatures (collateral kills)
  An adder (D:2)
1 creature vanquished.

Vanquished Creatures (others)
  An orc (D:9)
  26 fulminant prisms
27 creatures vanquished.

Grand Total: 198 creatures vanquished

Notes
Turn   | Place    | Note
-------+----------+-------------------------------------------
     0 | D:1      | DwarfAlpaca the Djinni Conjurer began the quest for the
                  | Orb.
     0 | D:1      | DwarfAlpaca set off with the following spells memorised:
                  | Magic Dart, Searing Ray, Dazzling Flash, Fulminant Prism,
                  | Iskenderun's Mystic Blast.
     0 | D:1      | Reached XP level 1. HP: 15/15 MP: 0/0
    64 | D:1      | Reached XP level 2. HP: 9/21 MP: 0/0
   369 | D:1      | Reached XP level 3. HP: 22/25 MP: 0/0
   369 | D:1      | Learned a level 1 spell: Necrotise
   573 | D:2      | Reached skill level 4 in Spellcasting
   886 | D:2      | Reached XP level 4. HP: 29/31 MP: 0/0
  1188 | D:3      | Found a broken altar of Ashenzari.
  1278 | D:3      | Reached XP level 5. HP: 23/35 MP: 0/0
  1278 | D:3      | Learned a level 2 spell: Wereblood
  1358 | D:3      | Reached skill level 5 in Spellcasting
  1428 | D:3      | Reached XP level 6. HP: 32/40 MP: 0/0
  1781 | D:4      | Found Naofaite's Assorted Antiques.
  2400 | D:5      | Entered Level 5 of the Dungeon
  2442 | D:5      | Found a sacrificial altar of Ru.
  2521 | D:5      | Noticed an ice beast
  2528 | D:5      | Killed an ice beast
  2529 | D:5      | Reached skill level 6 in Spellcasting
  2529 | D:5      | Reached XP level 7. HP: 14/45 MP: 0/0
  2529 | D:5      | Learned a level 2 spell: Scorch
  2721 | D:5      | Found Lidilash's Mass Market.
  2926 | D:5      | Found a hide-covered altar of Uskayaw.
  3039 | D:5      | Reached skill level 7 in Spellcasting
  3086 | D:5      | Noticed Ijyb
  3090 | D:5      | Killed Ijyb
  3091 | D:5      | Reached XP level 8. HP: 15/50 MP: 0/0
  3287 | D:5      | Noticed Pikel
  3307 | D:5      | Killed Pikel
  3308 | D:5      | Reached skill level 8 in Spellcasting
  3535 | D:6      | Reached XP level 9. HP: 46/55 MP: 0/0
  3535 | D:6      | Learned a level 4 spell: Sticky Flame
  3670 | D:6      | Reached skill level 9 in Spellcasting
  3952 | D:6      | Found a staircase to the Ecumenical Temple.
  3962 | Temple   | Entered the Ecumenical Temple
  4047 | Temple   | Became a worshipper of Makhleb the Destroyer
  4255 | D:6      | Found a glowing golden altar of the Shining One.
  5281 | D:7      | Reached skill level 10 in Spellcasting
  5305 | D:7      | Found a shimmering altar of Xom.
  5353 | D:7      | Identified the +4 chain mail of the Heavens {Int+3}
  6167 | D:8      | Identified the ring of Youthful Indiscretion {rPois Str+3
                  | Dex+6}
  6224 | D:8      | Reached XP level 10. HP: 48/60 MP: 0/0
  6229 | D:8      | Reached skill level 11 in Spellcasting
  6264 | D:8      | Reached * piety under Makhleb
  6913 | D:8      | Found a sparkling altar of Nemelex Xobeh.
  6996 | D:8      | Found a snail-covered altar of Cheibriados.
  7272 | D:9      | Noticed Joseph
  7272 | D:9      | Noticed Maggie
  7354 | D:9      | Noticed Erica
  7359 | D:9      | Noticed Psyche
  7360 | D:9      | Killed Erica
  7448 | D:9      | Found Ubacudaj's Antique Armour Boutique.
  7456 | D:9      | Reached skill level 12 in Spellcasting
  7580 | D:9      | Killed Psyche
  7593 | D:9      | Killed Maggie
  7607 | D:9      | Shot with a sling bullet by Joseph

Illustrated notes

Levels and vault maps discovered:
D:1:      dpeg_arrival_simpleton_b, layout_rooms
D:2:      layout_basic, kennysheep_cross_room
D:3:      layout_rooms, mainiacjoe_overflow_boulevard, hangedman_decor_points,
          minmay_crystal_room
D:4:      layout_loops_cross, serial_shops, kennysheep_little_box
D:5:      layout_gridville, mainiacjoe_overflow_surrounded_room,
          nicolae_uskayaw_murder_on_the_dancefloor, minmay_shop_mass, uniq_ijyb,
          uniq_pikel
D:6:      layout_loops_corners, tso_oasis_becter,
          minmay_temple_entry_proselytizer, nicolae_grassy_gnolls
D:7:      layout_basic, lemuel_zombie_altar_kikubaaqudgha,
          mainiacjoe_overflow_six_doors_small
D:8:      layout_cave_pods, nicolae_overflow_crystal_walls,
          nicolae_sif_muna_condensation, nemelex_xobeh_ov_fountains_minmay,
          minivault_10
D:9:      layout_rooms, zin_treasury, grunt_gozag_statues, serial_shops,
          nicolae_shop_pleasant_corner_grove, special_room [special_room_orc],
          nicolae_shop_fire_sale [nicolae_sub_dead_trees],
          hangedman_glass_teeth, minivault_23, uniq_joseph, uniq_psyche,
          uniq_erica, uniq_maggie
Temple:   dpeg_chambers_temple

Skill      XL: |  1  2  3  4  5  6  7  8  9 10 |
---------------+-------------------------------+-----
Spellcasting   | 4 5 6 7 8 10 12 | 12.4
Dodging        | |  2.1
Stealth        | |  1.5

Action                     |  1- 3 |  4- 6 |  7- 9 | 10-12 || total
---------------------------+-------+-------+-------+-------++-------
  Melee: Dagger            |       |       |     3 |     6 ||     9
   Cast: Magic Dart        |    26 |    43 |    66 |    32 ||   167
         Searing Ray       |     4 |    14 |    39 |    25 ||    82
         Necrotise         |     8 |     9 |     2 |       ||    19
         Iskenderun's Myst |       |     3 |     1 |     6 ||    10
         Scorch            |       |       |    31 |     4 ||    35
         Fulminant Prism   |       |       |    13 |    13 ||    26
         Sticky Flame      |       |       |     4 |     2 ||     6
    Use: Scroll            |       |     3 |     5 |     1 ||     9
         Potion            |       |     1 |       |     1 ||     2
 Armour: Steam dragon scal |       |       |     3 |     1 ||     4
         Robe              |       |       |     1 |       ||     1
         Skin              |       |       |       |    13 ||    13
  Dodge: Dodged            |     2 |     2 |    11 |    16 ||    31
  Block: Other             |       |     1 |     4 |     2 ||     7
         Reflection        |       |       |     1 |     1 ||     2
